 Dungeon Crawl Stone Soup version 0.19-a0-376-gf780d9b (webtiles) character file.

237245 Zwobot the Unseen (level 19, 106/106 HPs)
             Began as a Vine Stalker Assassin on June 16, 2015.
             Was a High Priest of Dithmenos.
             Quit the game on level 1 of the Lair of Beasts on May 30, 2016.
             The game lasted 03:26:46 (39582 turns).

Zwobot the Unseen (Vine Stalker Assassin)          Turns: 39582, Time: 03:26:46

Health: 106/106    AC: 13    Str: 16    XL:     19   Next: 23%
Magic:  31/31      EV: 30    Int: 11    God:    Dithmenos [*****.]
Gold:   3573       SH:  7    Dex: 32    Spells: 3 memorised, 8 levels left

rFire  . . .     SeeInvis +     a - +8 rapier (elec)
rCold  . . .     Gourm    .     M - +3 leather armour of the Saviour {Regen+ Slay+3}
rNeg   + . .     Faith    .     B - +0 buckler "Elirug" {Regen+ Slay+2}
rPois  +         Spirit   +     S - +1 helmet {SInv}
rElec  .         Dismiss  .     U - +2 cloak of Xom's Condemnation {rF- rN+ rCorr Dex+10}
rCorr  +         Reflect  .     Z - +0 pair of gloves
SustAt .         Harm     +     W - +0 pair of boots
MR     +++..                    X - amulet of harm
Stlth  ++++++++++               g - ring of protection from magic
                                t - ring of poison resistance

@: wreathed by umbra, extremely resistant to hostile enchantments, uncannily
stealthy
A: fangs 3, fire resistance 1, high mp 1, regeneration 3, magic shield,
antimagic bite, no device heal 3, rot immunity
a: Shadow Step, Shadow Form, Renounce Religion
}: 2/15 runes: barnacled, gossamer


You were on level 1 of the Lair of Beasts.
You worshipped Dithmenos.
Dithmenos was extremely pleased with you.
You were not hungry.

You visited 7 branches of the dungeon, and saw 37 of its levels.
You also visited: Labyrinth, Sewer and Ossuary.

You collected 4668 gold pieces.
You spent 1095 gold pieces at shops.

Inventory:

Hand Weapons
 a - a +8 rapier of electrocution (weapon)
 b - a +0 blowgun
 Q - a +9 quick blade of protection
Missiles
 u - 13 poisoned needles
 x - 9 curare-tipped needles
 D - 4 needles of frenzy
 J - 11 throwing nets (quivered)
Armour
 B - the +0 buckler "Elirug" (worn) {Regen+ Slay+2}
   (You bought it in a shop on level 4 of the Orcish Mines)

   It affects your accuracy and damage with ranged weapons and melee attacks
   (+2).
   It increases your rate of regeneration.
 M - the +3 leather armour of the Saviour (worn) {Regen+ Slay+3}
   (You found it on level 4 of the Shoals)

   It affects your accuracy and damage with ranged weapons and melee attacks
   (+3).
   It increases your rate of regeneration.
 S - a +1 helmet of see invisible (worn)
 U - the +2 cloak of Xom's Condemnation (worn) {rF- rN+ rCorr Dex+10}
   (You acquired it on level 1 of the Shoals)

   It affects your dexterity (+10).
   It makes you vulnerable to fire.
   It protects you from negative energy.
   It protects you from acid and corrosion.
 W - a +0 pair of boots (worn)
 Z - a +0 pair of gloves (worn)
Rods
 L - a +4 rod of shadows (9/9)
   (You found it on level 13 of the Dungeon)
Jewellery
 g - a ring of protection from magic (right hand)
 o - the ring of Ytuoppucs {rF+ MP+9 Str+2 Dex-3}
   (You took it off a minotaur in a labyrinth)

   [ring of dexterity]

   It affects your strength (+2).
   It affects your dexterity (-3).
   It protects you from fire.
   It affects your magic capacity (+9).
 p - an uncursed ring of positive energy
 t - a ring of poison resistance (left hand)
 E - an uncursed ring of protection from cold
 P - an uncursed ring of protection from fire
 X - an amulet of harm (around neck)
Wands
 f - a wand of paralysis (10/24)
 h - a wand of enslavement (4/24)
 m - a wand of removedness (6/24)
 G - a wand of acid (5/15)
 H - a wand of paralysis (10/24)
 T - a wand of disintegration (11/24)
 V - a wand of confusion (22/48)
Scrolls
 i - 8 scrolls of recharging
 k - 8 scrolls of blinking
 l - 3 scrolls of fog
 q - 4 scrolls of identify
 r - a scroll of magic mapping
 s - 3 scrolls of fear
 y - 8 scrolls of teleportation
 A - 8 scrolls of remove curse
Potions
 j - 12 potions of curing
 n - 9 potions of might
 v - a potion of berserk rage
 w - 7 potions of cancellation
 z - 3 potions of magic
 C - a potion of flight
 F - 2 potions of cure mutation
 I - 3 potions of resistance
 K - 5 potions of brilliance
 N - 7 potions of haste
 Y - a potion of agility
Miscellaneous
 R - a fan of gales
Comestibles
 c - 10 meat rations
 e - 10 fruits
 O - 17 bread rations


   Skills:
 + Level 14.0 Fighting
 - Level 12.0 Short Blades
 - Level 1.7 Throwing
 + Level 15.0 Dodging
 + Level 20.5 Stealth
 - Level 4.0 Shields
 * Level 11.8 Evocations


You had 8 spell levels left.
You knew the following spells:

 Your Spells              Type           Power        Failure   Level  Hunger
a - Apportation           Tloc           #.........   43%         1    ##.....
b - Tukima's Dance        Hex            #.......     95%         3    ####...
c - Invisibility          Hex            #.......     100%        6    #######


Dungeon Overview and Level Annotations

Branches:
Dungeon (15/15)            Temple (1/1) D:6            Lair (8/8) D:10
 Shoals (4/4) Lair:4       Spider (4/4) Lair:4        Slime (0/6) Lair:7
    Orc (4/4) D:10            Elf (0/3) Orc:3        Depths (1/5) D:15
 Vaults: D:13-14

Altars:
Ashenzari
Cheibriados
Dithmenos
Elyvilon
Fedhas
Gozag
Kikubaaqudgha
Makhleb
Nemelex Xobeh
Okawaru
Qazlal
Ru
Sif Muna
Trog
Vehumet
Xom
Yredelemnul
Zin
The Shining One
Beogh
Jiyva

Shops:
D:15 (   Orc:1 ?   Orc:2 !   Orc:4 [[=%   Shoals:1 !

Annotations:
D:9 Erolcha
D:13 exclusions: deep elf fighter, door, human, vault guard and 2 more exclusions
Shoals:2 exclusion: Roxanne, Roxanne


Innate Abilities, Weirdness & Mutations

You have razor-sharp teeth.
You regenerate.
When hurt, damage is shared between your health and your magic reserves.
Your bite disrupts and absorbs the magic of your enemies.
Potions and wands cannot restore your health.
You are immune to rotting.
Your flesh is heat resistant. (rF+)
You have an increased reservoir of magic. (+10% MP)


Message History

Char dumped successfully.
Save game and exit?
Welcome back, Zwobot the Vine Stalker Assassin.
Dithmenos says: Spread the eternal night.
Press ? for a list of commands and other information.
Welcome back, Zwobot the Vine Stalker Assassin.
Dithmenos says: Spread the eternal night.
Press ? for a list of commands and other information.
Welcome back, Zwobot the Vine Stalker Assassin.
Dithmenos says: Spread the eternal night.
Press ? for a list of commands and other information.
Save game and exit?
Welcome back, Zwobot the Vine Stalker Assassin.
Dithmenos says: Spread the eternal night.
Press ? for a list of commands and other information.
Save game and exit?
Welcome back, Zwobot the Vine Stalker Assassin.
Dithmenos says: Spread the eternal night.
Press ? for a list of commands and other information.
Are you sure you want to abandon this character and quit the game? (Confirm with "yes".)

.#......### #....#.# #P...##
........# ##...#####.....#
.......## ##.....##......#
...###..# #...........##.#
#.## #..### ###........##.##
..# #...P# ##...†......##
..# ##..## ##............##
.## ##..## #.#............#
.# ##..P# ##.@...........#
.## ##P...###............###
..####P..................#.#
#..##....................###
#.........................#
###....#.................##
#..####................##
#..####..............#..##
##....................###.#


There were no monsters in sight!

Vanquished Creatures
  Saint Roka (Orc:4)
  Nikola (Shoals:2)
  The ghost of ololoev the Shatterer, a mighty OgHu of Okawaru (Spider:4)
  Polyphemus (Shoals:4)
  Ilsuiw (Shoals:4)
  3 ghost moths (Spider:4)
  Donald (Shoals:2)
  6 emperor scorpions
  6 dire elephants
  13 merfolk javelineers
  12 merfolk impalers
  Josephine (Lair:5)
  A minotaur (Lab)
  3 entropy weavers
  10 hydras
  A rakshasa (Depths:1)
  A merfolk avatar (Shoals:4)
  An anaconda (Lair:8)
  4 centaur warriors
  An alligator snapping turtle (Shoals:4)
  3 catoblepae
  4 merfolk aquamancers (Shoals:4)
  9 death yaks
  3 satyrs
  A tengu warrior (D:14)
  2 deep troll earth magi (D:11)
  A vampire mage (Depths:1)
  6 orc high priests (Orc:4)
  5 skeletal warriors (D:11)
  4 sea snakes
  An unseen horror (D:11)
  7 hill giants
  19 harpies
  Pikel (D:5)
  A lindwurm (Lair:5)
  5 orc knights
  A necromancer (Lair:7)
  4 ugly things
  9 fauns
  9 cyclopes
  6 griffons
  A moth of wrath (Spider:4)
  6 hornets
  25 wolf spiders
  7 orc sorcerers
  An oklob plant (D:11)
  10 water nymphs
  10 orb spiders
  14 sirens
  A salamander (D:15)
  9 manticores
  5 centaur zombies
  A guardian serpent (D:13)
  4 elephants (Lair:8)
  15 spiny frogs
  6 black mambas
  2 gargoyles
  18 demonic crawlers
  An efreet (D:11)
  16 jumping spiders
  6 trolls
  8 komodo dragons
  2 rime drakes
  25 merfolk
  A queen bee (Orc:2)
  3 wind drakes
  10 slime creatures
  A tengu conjurer (D:10)
  3 two-headed ogres
  2 boulder beetles
  A shadow (D:8)
  28 blink frogs
  21 removed MONS_TRAPDOOR_SPIDERs
  13 snapping turtles
  6 wraiths
  2 removed MONS_DEEP_ELF_FIGHTERs
  28 redbacks
  17 water elementals
  11 tarantellas
  A spriggan (Lair:2)
  A wyvern (D:11)
  57 yaks
  20 hippogriffs
  6 basilisks
  A steam dragon (D:13)
  A vampire mosquito (D:15)
  3 hungry ghosts
  15 wolves
  A soldier ant (D:11)
  7 wargs
  12 water moccasins
  A phantom (D:11)
  8 porcupines
  43 orc warriors
  26 spiders
  A necrophage (D:15)
  5 wasps
  4 slaves
  5 ice beasts
  13 ogres
  An eye of draining (D:15)
  23 centaurs
  15 crocodiles
  A gnoll sergeant (D:5)
  25 big kobolds
  2 removed MONS_BRAIN_WORMs
  25 giant frogs
  7 scorpions
  43 killer bees
  A wyvern skeleton (D:9)
  8 wights
  5 electric eels
  11 hounds
  3 giant frog zombies
  8 crimson imps
  A basilisk zombie (Lair:7)
  A quasit (D:11)
  A giant frog skeleton (D:7)
  8 jellies
  6 centaur skeletons
  Ijyb (D:2)
  29 orc priests
  31 orc wizards
  9 worker ants
  11 iguanas
  A crocodile zombie (Lair:7)
  39 sheep
  2 hound skeletons
  A hound zombie (D:7)
  8 mummies (Ossuary)
  A worker ant zombie (D:8)
  Robin (D:2)
  12 gnolls
  11 adders
  76 river rats
  A white imp (Spider:1)
  4 shadow imps
  An ooze (D:3)
  6 worms
  11 giant geckos
  282 orcs
  35 bats
  A bat skeleton (D:5)
  10 giant cockroaches
  37 goblins
  29 hobgoblins
  7 jackals
  3 quokkas
  4 ball pythons
  11 giant newts
  4 hobgoblin zombies (Ossuary)
  78 kobolds
  4 kobold zombies (Ossuary)
  25 rats
  A butterfly (Lair:8)
  5 plants
1728 creatures vanquished.

Vanquished Creatures (collateral kills)
  A merfolk aquamancer (Shoals:4)
  A jumping spider (Spider:4)
  A tarantella (Spider:4)
  A warg (Orc:4)
  10 orc warriors (Orc:4)
  2 ogres (Orc:4)
  6 orcs (Orc:4)
22 creatures vanquished.

Vanquished Creatures (others)
  A cyclops (Shoals:4)
  An orb spider (Spider:4)
  A merfolk (Shoals:2)
  2 wolves (Lair:5)
  An orc warrior (Orc:4)
  An orc (Orc:4)
  4 fungi
  2 plants
13 creatures vanquished.

Grand Total: 1763 creatures vanquished

Notes
Turn   | Place    | Note
--------------------------------------------------------------
     0 | D:1      | Zwobot the Vine Stalker Assassin began the quest for the Orb.
     0 | D:1      | Reached XP level 1. HP: 11/11 MP: 2/2
   197 | D:1      | Reached skill level 5 in Stealth
   229 | D:1      | Reached XP level 2. HP: 15/15 MP: 3/3
   994 | D:3      | Reached XP level 3. HP: 18/18 MP: 4/4
  1503 | D:2      | Reached XP level 4. HP: 23/23 MP: 5/5
  1522 | D:2      | Found an opulent altar of Gozag.
  1534 | D:2      | Noticed Ijyb
  1576 | D:2      | Killed Ijyb
  1742 | D:2      | Noticed Robin
  1953 | D:2      | Found a deep blue altar of Sif Muna.
  2002 | D:2      | Killed Robin
  2002 | D:2      | Reached XP level 5. HP: 26/26 MP: 4/6
  2101 | D:2      | Reached skill level 6 in Stealth
  2447 | D:3      | Gained mutation: You heal very quickly. [Vine Stalker growth]
  2447 | D:3      | Reached XP level 6. HP: 13/30 MP: 3/7
  2527 | D:3      | Reached skill level 7 in Stealth
  2665 | D:3      | Found a sparkling altar of Nemelex Xobeh.
  2896 | D:3      | Found a burning altar of Makhleb.
  3269 | D:4      | Found a glowing drain.
  3319 | Sewer    | Entered a sewer
  3364 | Sewer    | Reached skill level 5 in Short Blades
  3455 | Sewer    | Reached XP level 7. HP: 23/34 MP: 6/8
  3462 | Sewer    | Reached skill level 8 in Stealth
  3537 | Sewer    | Got a black opal-encrusted ring mail
  3548 | Sewer    | Identified the +5 ring mail "Caruecut" {*Confuse Str+4} (You found it in a sewer)
  3627 | Sewer    | Reached skill level 1 in Dodging
  4301 | D:4      | Gained mutation: You have razor-sharp teeth. [Vine Stalker growth]
  4301 | D:4      | Reached XP level 8. HP: 38/38 MP: 9/9
  4424 | D:5      | Entered Level 5 of the Dungeon
  4792 | D:5      | Reached skill level 9 in Stealth
  4813 | D:5      | Noticed Pikel
  5040 | D:5      | Killed Pikel
  5168 | D:5      | Reached XP level 9. HP: 42/42 MP: 10/10
  5250 | D:5      | Found a stormy altar of Qazlal.
  5364 | D:5      | Gained mutation: Armour fits poorly on your strangely shaped body. [potion of mutation]
  5364 | D:5      | Gained mutation: You are weak. (Str -2) [potion of mutation]
  5364 | D:5      | Gained mutation: You are dopey. (Int -2) [potion of mutation]
  5832 | D:6      | Found a staircase to the Ecumenical Temple.
  5842 | Temple   | Entered the Ecumenical Temple
  5868 | Temple   | Became a worshipper of Dithmenos the Shadowed
  5933 | D:6      | Reached skill level 5 in Dodging
  6025 | D:6      | Found a sacrificial altar of Ru.
  6203 | D:6      | Found a sand-covered staircase.
  6208 | Ossuary  | Entered an ossuary
  6285 | Ossuary  | Reached skill level 10 in Stealth
  6574 | D:6      | Found a glowing golden altar of the Shining One.
  7853 | D:8      | Got a shimmering plate armour
  7897 | D:8      | Reached * piety under Dithmenos
  8126 | D:8      | Reached XP level 10. HP: 35/46 MP: 9/11
  8322 | D:8      | Found an ancient bone altar of Kikubaaqudgha.
  8451 | D:8      | Reached skill level 11 in Stealth
  8920 | D:8      | Reached ** piety under Dithmenos
  9180 | D:8      | Identified the cursed +1 plate armour of Fun {Str+2} (You found it on level 8 of the Dungeon)
  9378 | D:9      | Noticed Erolcha
  9527 | D:9      | Noticed a moth of wrath
  9530 | D:9      | Found a bloodstained altar of Trog.
  9590 | D:9      | Got a transparent battleaxe
  9591 | D:9      | Identified the +6 battleaxe of the Equator {chop, rC+} (You found it on level 9 of the Dungeon)
  9960 | D:9      | Found a snail-covered altar of Cheibriados.
 10086 | D:10     | Entered Level 10 of the Dungeon
 10124 | D:10     | Reached *** piety under Dithmenos
 10222 | D:10     | Found a staircase to the Lair.
 10459 | D:10     | Identified Iskenderun's Reference Book on Flamy Attacks (You found it on level 10 of the Dungeon)
 10613 | D:10     | Reached XP level 11. HP: 50/50 MP: 12/12
 10746 | D:10     | Found a staircase to the Orcish Mines.
 10965 | Lair:1   | Entered Level 1 of the Lair of Beasts
 12026 | Lair:1   | Reached skill level 12 in Stealth
 12547 | Lair:2   | Noticed a four-headed hydra
 12562 | Lair:2   | Reached **** piety under Dithmenos
 12573 | Lair:2   | Killed a four-headed hydra
 12613 | Lair:2   | Found a shimmering altar of Xom.
 12705 | Lair:2   | Noticed a spriggan rider
 12881 | Lair:2   | Gained mutation: You regenerate. [Vine Stalker growth]
 12881 | Lair:2   | Reached XP level 12. HP: 54/58 MP: 13/13
 12935 | Lair:2   | Killed a wasp
 12937 | Lair:2   | Killed a spriggan
 13109 | Lair:2   | Noticed an eight-headed hydra
 13113 | Lair:2   | Killed an eight-headed hydra
 13113 | Lair:2   | Reached skill level 10 in Short Blades
 13392 | Lair:2   | Reached skill level 5 in Fighting
 14171 | Lair:3   | Got a brightly glowing plate armour
 14182 | Lair:3   | Identified the +3 plate armour "Fese" {*Drain rPois rN+ Stlth+} (You found it on level 3 of the Lair of Beasts)
 14568 | Lair:3   | Reached skill level 10 in Dodging
 14756 | Lair:4   | Reached skill level 13 in Stealth
 14830 | Lair:4   | Found a staircase to the Shoals.
 15212 | Lair:4   | Reached XP level 13. HP: 61/66 MP: 14/14
 15306 | Lair:4   | Noticed a seven-headed hydra
 15315 | Lair:4   | Killed a seven-headed hydra
 15338 | Lair:4   | Noticed a six-headed hydra
 15341 | Lair:4   | Killed a six-headed hydra
 15369 | Lair:4   | Noticed a death yak
 15373 | Lair:4   | Killed a death yak
 15373 | Lair:4   | Reached skill level 14 in Stealth
 15408 | Lair:4   | Lost mutation: You are weak. (Str -2) [potion of cure mutation]
 15408 | Lair:4   | Lost mutation: Armour fits poorly on your strangely shaped body. [potion of cure mutation]
 15408 | Lair:4   | Lost mutation: You are dopey. (Int -2) [potion of cure mutation]
 15409 | Lair:4   | Gained mutation: Your flesh is heat resistant. (rF+) [potion of beneficial mutation]
 15410 | Lair:4   | Gained mutation: You have an increased reservoir of magic. (+10% MP) [potion of beneficial mutation]
 15509 | Lair:4   | Noticed a five-headed hydra
 15524 | Lair:4   | Killed a five-headed hydra
 15969 | Lair:4   | Found a hole to the Spider Nest.
 16500 | Lair:5   | Noticed Josephine
 16577 | Lair:5   | Killed Josephine
 17682 | Lair:6   | Reached skill level 15 in Stealth
 17840 | Lair:6   | Reached XP level 14. HP: 68/74 MP: 16/16
 18144 | Lair:7   | Found a staircase to the Slime Pits.
 18144 | Lair:7   | Found a viscous altar of Jiyva.
 19109 | Lair:8   | Entered Level 8 of the Lair of Beasts
 19170 | Lair:8   | Found a labyrinth entrance.
 19188 | Lab      | Entered a labyrinth
 19553 | Lab      | Got a pitted wooden ring
 19562 | Lab      | Identified a -1 rod of clouds (10/10) (You found it in a labyrinth)
 19568 | Lab      | Identified the cursed ring of Ytuoppucs {rF+ MP+9 Str+2 Dex-3} (You took it off a minotaur in a labyrinth)
 20699 | Lair:8   | Reached skill level 16 in Stealth
 20741 | Lair:8   | Reached skill level 1 in Evocations
 20854 | Lair:8   | Got a fabulously ornate robe
 20865 | Lair:8   | Identified the +3 robe of Divine Intervention {MR+} (You found it on level 8 of the Lair of Beasts)
 21397 | Orc:1    | Entered Level 1 of the Orcish Mines
 21696 | Orc:1    | Found Leam Coi's Magic Scroll Boutique.
 21700 | Orc:1    | Bought a scroll of blinking for 105 gold pieces
 21700 | Orc:1    | Bought a scroll of blinking for 105 gold pieces
 22666 | Orc:2    | Reached skill level 5 in Evocations
 22667 | Orc:2    | Paralysed by an orc sorcerer for 3 turns
 22792 | Orc:4    | Entered Level 4 of the Orcish Mines
 22953 | Orc:3    | Found a staircase to the Elven Halls.
 23203 | Orc:3    | Reached XP level 15. HP: 79/79 MP: 22/22
 23224 | Orc:2    | Found Zurunk's Distillery.
 23267 | Orc:2    | Bought a potion of might for 56 gold pieces
 23267 | Orc:2    | Bought a potion of might for 56 gold pieces
 24531 | Orc:4    | Found Zangeb's Jewellery Boutique.
 24552 | Orc:4    | Found a roughly hewn altar of Beogh.
 24582 | Orc:4    | Reached skill level 10 in Fighting
 24671 | Orc:4    | Found Ikiyllo's Food Shop.
 25355 | Orc:4    | Identified the Catalogue of the Soldier (You found it on level 4 of the Orcish Mines)
 25452 | Orc:4    | Noticed Saint Roka
 25514 | Orc:4    | Killed Saint Roka
 25621 | Orc:4    | Found Poept's Armour Shop.
 25808 | Orc:4    | Bought the cursed +0 buckler "Elirug" {Regen+ Slay+2} for 253 gold pieces
 25830 | Orc:4    | Found a roughly hewn altar of Beogh.
 25958 | Orc:4    | Found Tetask's Antique Armour Boutique.
 26003 | Orc:4    | Bought a glowing helmet for 166 gold pieces
 26161 | Orc:4    | Bought a crude robe for 210 gold pieces
 26171 | Orc:4    | Identified the +1 robe of the Solstice {Dex+4} (You bought it in a shop on level 4 of the Orcish Mines)
 26513 | D:11     | Reached skill level 17 in Stealth
 27509 | D:12     | Learned a level 1 spell: Apportation
 27513 | D:12     | Learned a level 3 spell: Tukima's Dance
 27520 | D:12     | Learned a level 6 spell: Invisibility
 27819 | D:11     | Reached XP level 16. HP: 87/87 MP: 3/23
 28369 | D:13     | Identified a +4 rod of shadows (9/9) (You found it on level 13 of the Dungeon)
 29139 | D:13     | Reached skill level 18 in Stealth
 30057 | D:15     | Entered Level 15 of the Dungeon
 30438 | D:15     | Found Matid's Antique Weapon Shop.
 30824 | D:15     | Found a radiant altar of Vehumet.
 30887 | D:15     | Found a staircase to the Depths.
 30962 | Depths:1 | Entered Level 1 of the Depths
 31030 | D:15     | Identified a scroll of acquirement
 31321 | Spider:1 | Entered Level 1 of the Spider Nest
 32369 | Spider:2 | Reached XP level 17. HP: 92/94 MP: 24/24
 32676 | Spider:4 | Entered Level 4 of the Spider Nest
 32907 | Spider:3 | Reached skill level 19 in Stealth
 33753 | Spider:4 | Noticed ololoev's ghost (mighty OgHu)
 33846 | Spider:4 | Killed ololoev's ghost
 34124 | Shoals:1 | Entered Level 1 of the Shoals
 34423 | Shoals:1 | Got a steaming cloak
 34434 | Shoals:1 | Identified the +2 cloak of Xom's Condemnation {rF- rN+ rCorr Dex+10} (You acquired it on level 1 of the Shoals)
 34651 | Shoals:1 | Found Lufudey's Distillery.
 34660 | Shoals:1 | Bought a potion of magic for 144 gold pieces
 35012 | Shoals:2 | Noticed Donald
 35016 | Shoals:2 | Killed Donald
 35116 | Shoals:2 | Noticed Roxanne
 35307 | Shoals:2 | Noticed Nikola
 35327 | Shoals:2 | Killed Nikola
 36257 | Shoals:3 | Reached XP level 18. HP: 98/100 MP: 28/28
 36394 | Shoals:4 | Entered Level 4 of the Shoals
 36394 | Shoals:4 | Noticed Polyphemus
 36399 | Shoals:4 | Killed Polyphemus
 36575 | Shoals:4 | Reached skill level 10 in Evocations
 36594 | Shoals:4 | Got a spiked leather armour
 36595 | Shoals:4 | Identified the +3 leather armour of the Saviour {Regen+ Slay+3} (You found it on level 4 of the Shoals)
 37213 | Shoals:4 | Noticed Ilsuiw
 37220 | Shoals:4 | Killed Ilsuiw
 37223 | Shoals:4 | Reached skill level 20 in Stealth
 37846 | Shoals:4 | Got a barnacled rune of Zot
 38887 | Spider:4 | Reached XP level 19. HP: 105/105 MP: 31/31
 39086 | Spider:4 | Reached skill level 15 in Dodging
 39220 | Spider:4 | Got a gossamer rune of Zot
 39582 | Lair:1   | Upgraded the game from 0.17-a0-1393-gcb420ff to 0.17-a0-1397-g0eee0a3
 39582 | Lair:1   | Upgraded the game from 0.17-a0-1397-g0eee0a3 to 0.17-a0-1403-g9df874c
 39582 | Lair:1   | Upgraded the game from 0.17-a0-1403-g9df874c to 0.19-a0-376-gf780d9b
 39582 | Lair:1   | Quit the game

Vault maps used:
D:1:      saegor_arrival_simple_e
D:2:      overflow_temple_1_default, lemuel_coloured_pillars_altar,
          uniq_crazy_yiuf_cottage, uniq_iyjb, uniq_robin
D:3:      nicolae_overflow_crystal_walls, lightli_temple_of_fire, first_bread
D:4:      kennysheep_goblin_castle, portal_sewer_entry_f
D:5:      kennysheep_little_box, uniq_pikel
D:6:      nicolae_ru_path_of_blood, temple_green, enter_ossuary_2, basic_altar,
          hangedman_decor_clover_reticule
D:8:      kennysheep_kobold_camp, kennysheep_mini, minmay_misc_feat_diagonals
D:9:      kennysheep_mini_moat, tgw_trog, uniq_erolcha
D:10:     grunt_lair_entry_elf_guard_hut, orc_0_dummy, grunt_tengu_nest
D:11:     minmay_klotski, evilmike_surprise_oklob
D:12:     hangedman_decor_slide_cut
D:13:     wad_bat_island, grunt_vaults_entry_fortified,
          nrook_guardian_serpent_double
D:14:     minmay_misc_feat_hallway, spider_trap, wad_dig_loot
D:15:     hangedman_depths_entry_try_elsewhere_first, basic_altar, minivault_11,
          serial_shops, nicolae_shop_window_shopping, minmay_joined_circles
Temple:   triangle_lava_temple_11
Lair:2:   basic_altar, grunt_forest_large_clearings, serial_bayou_shore_a,
          lemuel_fruit_tree
Lair:3:   lemuel_old_faithful
Lair:4:   minmay_shoals_entry_beasts, spider_nest_entry_funnel_web,
          hangedman_lair_generics_rect
Lair:5:   uniq_josephine
Lair:6:   bh_autumn_forest_stairs
Lair:7:   pond_and_an_island_with_a_cottage, slime_altar_1
Lair:8:   due_jungle_book, lab_entry_generic, lemuel_fruit_fields
Shoals:1: serial_shops, shop
Shoals:2: hangedman_shoals_cup_caves, uniq_nikola, uniq_donald, uniq_roxanne
Shoals:4: shoals_end_simple, shoals_ilsuiw_alternative, uniq_polyphemus
Spider:1: special_room, nicolae_crawler_farm
Spider:2: guppyfry_spider_mini_1
Spider:4: spider_rune_water
Orc:1:    serial_shops, shop, statue_in_the_mist_lemuel, mines5_lemuel
Orc:2:    serial_shops, shop, special_room
Orc:3:    nicolae_orc_pool_cavern
Orc:4:    pubby_orc_utopia
Depths:1: hell_entry, minmay_misc_feat_columns, roderic_three_in_a_row,
          minmay_misc_feat_square, kennysheep_generic_room_14,
          grunt_megastairs_2
Lab:      labyrinth_spiral, labyrinth_skeletal_remains, nicolae_lab_hexagon
Sewer:    kennysheep_pipe_town
Ossuary:  ossuary_tomb_3

Skill      XL: |  1  2  3  4  5  6  7  8  9 10 11 12 13 14 15 16 17 18 19 |
---------------+----------------------------------------------------------+-----
Stealth        | 5 6 7 8 9 10 11 12 13 15 16 17 18 19 20 | 20.5
Short Blades   | 5 10 | 12.0
Dodging        | 1 5 10 15 | 15.0
Fighting       | 5 10 | 14.0
Evocations     | 5 10 | 11.8
Throwing       | |  1.7
Shields        | |  4.0

Action                   |  1- 3 |  4- 6 |  7- 9 | 10-12 | 13-15 | 16-18 | 19-21 || total
-------------------------+-------+-------+-------+-------+-------+-------+-------++-------
Melee: Dagger            |    81 |       |       |       |       |       |       ||    81
       Short sword       |     2 |   141 |   395 |   810 |  1770 |       |       ||  3118
       Unarmed           |       |    10 |       |       |       |       |       ||    10
       Quick blade       |       |       |       |       |   477 |  1084 |    19 ||  1580
       Rapier            |       |       |       |       |       |   469 |    66 ||   535
 Fire: Blowgun           |     6 |     7 |    41 |    29 |    35 |    23 |       ||   141
       Hunting sling     |       |     2 |       |       |       |       |       ||     2
Throw: Stone             |       |       |     2 |       |     7 |       |       ||     9
       Throwing net      |       |       |       |       |       |     6 |       ||     6
 Cast: Apportation       |       |       |       |       |       |     2 |       ||     2
Invok: Shadow Step       |       |       |       |     1 |    10 |    18 |     3 ||    32
Evoke: Club              |       |       |     1 |     3 |    14 |    37 |    12 ||    67
       Hammer            |       |       |       |       |     8 |       |       ||     8
       Box of beasts     |       |       |       |       |       |     7 |       ||     7
       Whip              |       |       |       |       |       |     3 |     1 ||     4
  Use: Scroll            |     3 |     3 |    11 |    15 |    17 |    27 |       ||    76
       Potion            |     1 |       |     1 |       |     6 |    10 |     2 ||    20
 Stab: Sleeping          |    24 |    16 |    26 |    60 |   168 |   131 |    13 ||   438
       Distracted        |       |     1 |     7 |     7 |    16 |    22 |     3 ||    56
       Betrayed ally     |       |       |       |       |     1 |       |       ||     1
       Confused          |       |       |       |       |       |     8 |     2 ||    10
       Held in net/web   |       |       |       |       |       |     4 |       ||     4
  Eat: Chunk             |     2 |     6 |    12 |    15 |    18 |     2 |       ||    55
       Royal jelly       |       |       |     1 |     1 |     1 |     1 |       ||     4
       Pizza             |       |       |     1 |       |       |     3 |       ||     4
       Fruit             |       |       |       |     4 |    17 |    26 |     3 ||    50
       Beef jerky        |       |       |       |     1 |     3 |     4 |       ||     8
       Bread ration      |       |       |       |       |     1 |       |       ||     1
